Map: Cyber Forest LE

Players

SandboX - Winner!

  • Race: Zerg Zerg
  • League: Gold
  • Spawn Location: 11:00

Lucarias

  • Race: Terran Terran
  • League: Platinum
  • Spawn Location: 5:00

VOD

Have the link to the VOD?

Description

Time

  • Played on: Aug. 11, 2019, 4:53 p.m.
  • Length: 9:46
Show
View Real Time Build Order
Export as new Build Order

SandboX Zerg - Winner!

Build Orders: Hatch First, Roach Hydra 

Get SALT Encoding   

  12  0:01  Drone  
  13  0:13  Overlord  
  13  0:20  Drone  
  14  0:31  Drone x2  
  16  0:38  Drone  
  17  0:55  Hatchery  
  16  0:57  Drone  
  16  1:00  Drone  
  18  1:04  Extractor  
  17  1:20  Spawning Pool  
  17  1:23  Drone x2  
  18  1:37  Drone  
  19  1:42  Drone  
  20  1:50  Overlord  
  20  2:11  Zergling x4  
  20  2:13  Queen x2  
  26  2:19  Metabolic Boost  
  26  2:22  Drone  
  26  2:23  Drone  
  27  2:39  Drone x4  
  31  2:55  Hatchery  
  30  3:01  Drone  
  30  3:02  Drone x2  
  33  3:06  Overlord  
  33  3:14  Drone x2  
  33  3:16  Drone  
  36  3:26  Overlord  
  36  3:27  Drone x3  
  36  3:28  Drone  
  40  3:35  Drone x2  
  42  3:42  Roach Warren  
  41  3:53  Extractor  
  40  3:57  Extractor  
  40  3:59  Drone x9  
  48  4:23  Drone x6  
  54  4:24  Lair  
  54  4:30  Evolution Chamber  
  54  4:31  Evolution Chamber, Queen  
  52  4:33  Drone x3  
  52  4:36  Overlord  
  57  4:54  Drone x7  
  57  4:58  Zerg Missile Weapons Level 1  
  57  4:59  Zerg Ground Armor Level 1  
  64  5:05  Overlord x3  
  64  5:09  Drone x2  
  66  5:17  Extractor  
  66  5:19  Extractor  
  64  5:22  Extractor  
  63  5:43  Glial Reconstitution  
  63  5:48  Roach x2  
  63  5:49  Hydralisk Den, Roach x12  
  90  5:51  Overlord x3  
  90  6:09  Drone x6  
  96  6:19  Roach x6  
  96  6:24  Muscular Augments  
  108  6:34  Hydralisk x3  
  108  6:37  Overlord x4  
  114  6:53  Overlord x4  
  114  7:04  Hydralisk x6  
  118  7:20  Hydralisk x6  
  122  7:38  Grooved Spines  
  122  7:44  Overseer  
  122  7:46  Overseer x2  
  122  7:47  Overseer  
  122  8:01  Hydralisk x6  
  134  8:07  Hatchery  
  133  8:22  Overlord x4  
  133  8:26  Roach  
  133  8:27  Roach x6  
  147  8:37  Hydralisk  
  147  8:38  Hydralisk x3  
  147  8:40  Overlord  
  155  8:54  Hydralisk x5  
  155  8:55  Hydralisk  
  167  9:00  Overlord  
Show
View Real Time Build Order
Export as new Build Order

Lucarias Terran 

Build Orders:  

Get SALT Encoding   

  12  0:01  SCV  
  13  0:16  Supply Depot  
  13  0:19  SCV  
  14  0:31  SCV  
  15  0:40  Barracks  
  15  0:44  Refinery  
  15  0:47  SCV  
  16  0:59  SCV  
  16  1:02  Refinery  
  17  1:11  SCV  
  18  1:27  Orbital Command  
  18  1:30  Supply Depot  
  18  1:32  Barracks Tech Lab  
  18  1:53  Marauder  
  20  1:54  Concussive Shells  
  20  2:00  SCV  
  21  2:07  Factory  
  21  2:13  SCV  
  21  2:15  Marine  
  23  2:26  SCV  
  24  2:33  Marine  
  25  2:38  SCV  
  26  2:50  SCV  
  27  2:58  Starport  
  27  3:02  Siege Tank, SCV, Barracks Tech Lab  
  31  3:20  Command Center  
  31  3:30  Supply Depot  
  31  3:34  Combat Shield  
  31  3:43  Starport Tech Lab  
  31  3:47  Engineering Bay  
  31  3:52  SCV, Marine  
  33  3:57  Supply Depot  
  33  4:04  Siege Tank, SCV  
  33  4:09  Raven  
  39  4:19  SCV  
  39  4:22  Missile Turret  
  40  4:25  Supply Depot  
  40  4:37  Orbital Command  
  40  4:40  Refinery  
  40  4:41  Marine  
  41  4:45  SCV  
  42  4:53  Barracks  
  42  4:57  Terran Infantry Armor Level 1  
  42  5:02  SCV  
  42  5:03  SCV  
  44  5:09  Marine  
  44  5:14  Siege Tank  
  48  5:22  Starport  
  48  5:24  SCV  
  48  5:27  SCV, Marauder  
  52  5:41  Fusion Core  
  52  5:48  Barracks Reactor  
  52  5:54  Factory  
  52  5:59  SCV x2  
  52  6:00  Refinery  
  52  6:03  Starport Reactor  
  54  6:08  Marauder, Barracks  
  56  6:11  SCV  
  56  6:12  SCV  
  58  6:20  Medivac  
  60  6:27  SCV  
  61  6:34  SCV  
  64  6:40  Marine, Marauder  
  64  6:46  SCV  
  66  6:48  Command Center  
  66  6:50  Supply Depot  
  66  6:53  Weapon Refit  
  66  6:58  Factory Tech Lab, Barracks Tech Lab  
  66  7:21  Marine x2  
  66  7:22  Marauder  
  70  7:25  Viking, Battlecruiser  
  78  7:31  Supply Depot  
  78  7:36  Supply Depot  
  78  7:52  Medivac  
  78  7:57  Marauder  
  82  8:02  Medivac  
  82  8:04  Supply Depot x2  
  84  8:10  SCV  
  85  8:17  Marine  
  85  8:18  Marine  
  85  8:19  Marauder  
  89  8:22  Viking, SCV  
  92  8:31  Battlecruiser  
  98  8:41  Refinery, Planetary Fortress  
  98  8:46  SCV x2  
  100  8:58  SCV x2  
  102  9:21  Supply Depot  
  102  9:23  Supply Depot  
  104  9:26  Marine x3  
Tags
 
Add a new tag
Caveats
  • Supply blocks, unpowered buildings, or Contaminate may cause inaccurate times.
  • Supply counts are checked every 10 seconds.